[Event "Team 45 45 League T79"]
[Site "Internet Chess Club"]
[Date "2019.01.06"]
[Round "2"]
[White "Skeptic1972"]
[Black "BrianWood"]
[Result "0-1"]
[WhiteElo "1452"]
[BlackElo "1546"]
[Opening "Sicilian: Grand Prix attack"]
[ECO "B23"]
[Time "14:01:44"]
[TimeControl "2700+45"]

1. e4 c5 2. Nc3 Nc6 3. f4 g6 4. Nf3 Bg7 5. g3 d6 6. Bg2 e6 7. O-O Nge7 8. h3 O-O
9. Kh2 a6 10. d3 b6 11. e5 Bb7 12. exd6 Qxd6 13. Ne4 Qc7 14. Rb1 Rad8 15. Bd2
Nf5 16. g4 Nfe7 17. Qe1 Nb4 18. Qh4 Ned5 19. Nfg5 h6 20. Bxb4 cxb4 21. Nf3 Nxf4
22. Qg3 f5 23. gxf5 exf5 24. Ned2 g5 25. Nh4 gxh4 {White resigns} 0-1

[Event "Team 45 45 League T79"]
[Site "Internet Chess Club"]
[Date "2019.01.06"]
[Round "2"]
[White "Megasus"]
[Black "JPSVI"]
[Result "1-0"]
[WhiteElo "1583"]
[BlackElo "1425"]
[Opening "King's Indian: East Indian defense"]
[ECO "A48"]
[Time "22:00:46"]
[TimeControl "2700+45"]

1. Nf3 Nf6 2. d4 g6 3. Nbd2 Bg7 4. e3 O-O 5. b3 c5 6. Bb2 cxd4 7. exd4 d5 8. h3
Bf5 9. Be2 a5 10. O-O a4 11. c4 Qa5 12. Qc1 Ne4 13. Nxe4 Bxe4 14. Bc3 Qc7 15.
Nd2 Bh6 16. Qd1 Bf5 17. Nf3 dxc4 18. bxc4 Be6 19. d5 Rd8 20. Qd4 f6 21. Rfd1 Bf7
22. Rab1 Nc6 23. Qc5 Ra5 24. Bxa5 Qxa5 25. Rb5 Qc3 26. Rdb1 Ne5 27. Nxe5 Qxe5
28. Bf3 Bf8 29. Rxb7 e6 30. Qa7 Qf5 31. Rd1 Be8 32. Bg4 Qc2 33. Bxe6+ Bf7 34.
Bxf7+ Kh8 35. Qd4 Bc5 36. Qxf6# {Black checkmated} 1-0

[Event "Team 45 45 League T79"]
[Site "Internet Chess Club"]
[Date "2019.01.06"]
[Round "2"]
[White "Goli"]
[Black "justice02"]
[Result "0-1"]
[WhiteElo "1679"]
[BlackElo "1649"]
[Opening "French: exchange variation"]
[ECO "C01"]
[Time "12:01:59"]
[TimeControl "2700+45"]

1. e4 e6 2. d4 d5 3. exd5 exd5 4. Bd3 Nf6 5. Ne2 Bg4 6. f3 Bh5 7. Bg5 Bg6 8.
Nbc3 c6 9. Bxg6 hxg6 10. Qd3 Rh5 11. h4 Bd6 12. O-O-O Qc7 13. Rde1 Kf8 14. g4
Rh8 15. Kb1 Nbd7 16. a3 b5 17. Nd1 Re8 18. Bd2 a5 19. Nf2 b4 20. a4 c5 21. c4
cxd4 22. Nxd4 Rxe1+ 23. Rxe1 Qxc4 24. Qe3 Rxh4 25. Rc1 Qa6 26. Nb5 Kg8 27. g5
Bf4 28. Qd4 Bxd2 29. Qxd2 Nh7 30. Qxd5 Qe6 31. Qa8+ Ndf8 32. Ne4 Qb3 33. Qb8
Qxf3 34. Nc5 Qf5+ 35. Ka1 Qxg5 36. Nd3 b3 37. Nc3 Qd2 38. Rd1 Rxa4+ 39. Kb1 Qc2#
{White checkmated} 0-1

[Event "Team 45 45 League T79"]
[Site "Internet Chess Club"]
[Date "2019.01.06"]
[Round "2"]
[White "zepled37"]
[Black "ChessRooklift"]
[Result "1-0"]
[WhiteElo "1705"]
[BlackElo "1671"]
[Opening "Ruy Lopez: closed"]
[ECO "C90"]
[Time "17:03:00"]
[TimeControl "2700+45"]

1. e4 e5 2. Nf3 Nc6 3. Bb5 a6 4. Ba4 Nf6 5. O-O b5 6. Bb3 Be7 7. Re1 d6 8. c3
Bg4 9. h3 Bh5 10. d3 O-O 11. Nbd2 Na5 12. Bc2 c5 13. Nf1 Nc6 14. Ng3 Bg6 15. Nh4
Qc7 16. Nhf5 Rae8 17. Be3 Kh8 18. Rc1 Bd8 19. d4 Ne7 20. dxe5 dxe5 21. Nd6 c4
22. Bg5 Nd7 23. Nxe8 Rxe8 24. Bxe7 Bxe7 25. Nf5 Bg5 26. Ne3 Nc5 27. f3 Qa7 28.
Qe2 Bh4 29. Red1 Bg3 30. Rd5 Ne6 31. Qd2 h6 32. Rd1 Kh7 33. Rd7 Qc5 34. Rd5 Qa7
35. Qe2 Nf4 36. Qd2 Nxd5 37. exd5 Bxc2 38. Qxc2+ g6 39. Qe2 f5 40. Kf1 Bf4 41.
Nc2 Bh2 42. Qf2 Qxf2+ 43. Kxf2 Bf4 44. d6 Rd8 45. Nb4 e4 46. d7 exf3 47. Nc6 Bc7
48. Nxd8 Bxd8 49. Kxf3 Kg7 50. Rd6 Kf7 51. Rxa6 h5 52. Rd6 g5 53. Rd5 Ke6 54.
Rxb5 g4+ 55. hxg4 hxg4+ 56. Kf4 Bc7+ 57. Kg5 {Black resigns} 1-0

[Event "Team 45 45 League T79"]
[Site "Internet Chess Club"]
[Date "2019.01.04"]
[Round "2"]
[White "Egmont"]
[Black "Grenadier"]
[Result "1-0"]
[WhiteElo "1631"]
[BlackElo "1569"]
[Opening "Old Indian defense"]
[ECO "A53"]
[Time "11:00:50"]
[TimeControl "2700+45"]

1. d4 Nf6 2. c4 d6 3. Nc3 Nbd7 4. e4 e5 5. Be3 Be7 6. Nf3 O-O 7. h3 c6 8. Rc1
Qa5 9. Bd3 exd4 10. Nxd4 Ne5 11. O-O Be6 12. Nxe6 fxe6 13. Be2 Rad8 14. Qb3 Rb8
15. f4 Nf7 16. Qc2 d5 17. e5 Nd7 18. cxd5 cxd5 19. Qd2 Bc5 20. a3 Bxe3+ 21. Qxe3
Qc5 22. Qxc5 Nxc5 23. Nxd5 Nb3 24. Ne7+ Kh8 25. Rc7 a6 26. Rd1 Nh6 27. g3 Nf5
28. Nxf5 Rxf5 29. Bc4 Na5 30. Bxe6 Rff8 31. Rdd7 Rbc8 32. Rxg7 Rxc7 33. Rxc7 Rd8
34. Rc8 Nc6 35. Rxd8+ Nxd8 36. Bd7 Kg7 37. Kf2 Kf7 38. Ke3 Ke7 39. Bf5 h6 40.
Be4 Ne6 41. f5 Ng5 42. h4 Nf7 43. Kd4 Nd8 44. g4 b5 45. g5 hxg5 46. hxg5 Nf7 47.
g6 {Black resigns} 1-0

[Event "Team 45 45 League T79"]
[Site "Internet Chess Club"]
[Date "2019.01.05"]
[Round "2"]
[White "GoIrish"]
[Black "scostanzo212"]
[Result "0-1"]
[WhiteElo "1494"]
[BlackElo "1541"]
[Opening "Réti: King's Indian attack"]
[ECO "A08"]
[Time "13:01:00"]
[TimeControl "2700+45"]

1. Nf3 d5 2. g3 c5 3. Bg2 Nc6 4. O-O Nf6 5. d3 e5 6. Nbd2 Be7 7. e4 d4 8. Nc4
Qc7 9. a4 O-O 10. h3 Ne8 11. Nh2 f6 12. f4 Be6 13. b3 Nd6 14. f5 Bf7 15. Qg4 Kh8
16. Qf3 b5 17. Nxd6 Bxd6 18. axb5 Nb4 19. Qe2 Qb6 20. g4 Qxb5 21. g5 a5 22. gxf6
gxf6 23. Bh6 Rg8 24. Kh1 a4 25. bxa4 Rxa4 26. Bf3 Rga8 27. Rxa4 Qxa4 28. Rg1 Bf8
29. Bxf8 Rxf8 30. Qg2 Rg8 31. Qf2 Rxg1+ 32. Qxg1 Qxc2 33. Ng4 Qxd3 34. Bg2 Qg3
35. Qc1 Nd3 36. Qh6 Nf2+ 37. Nxf2 Qg7 38. Qxg7+ Kxg7 39. Kg1 Kh6 40. Ng4+ Kg5
41. Kf2 h5 42. Nh2 Kf4 43. h4 Bc4 44. Bf3 Bd3 45. Bxh5 Bxe4 46. Bg6 Bxf5 47.
Bxf5 Kxf5 48. Nf3 e4 49. Ne1 Kg4 50. Ng2 f5 51. Ke2 f4 52. Kd2 f3 {White
resigns} 0-1

[Event "Team 45 45 League T79"]
[Site "Internet Chess Club"]
[Date "2019.01.06"]
[Round "2"]
[White "Monterrey"]
[Black "santiagoelawad"]
[Result "0-1"]
[WhiteElo "1880"]
[BlackElo "1951"]
[Opening "QGD Slav defense"]
[ECO "D10"]
[Time "20:00:40"]
[TimeControl "2700+45"]

1. d4 d5 2. c4 c6 3. Nc3 Nf6 4. e3 a6 5. Nf3 Bf5 6. Be2 h6 7. O-O e6 8. Ne5 Nbd7
9. f4 Be7 10. b3 Ne4 11. Bb2 O-O 12. c5 Nxe5 13. fxe5 f6 14. exf6 Bxf6 15. Bd3
Nxc3 16. Bxc3 Qe7 17. Be1 Rae8 18. Bg3 Bxd3 19. Qxd3 e5 20. Rae1 Qe6 21. h3 exd4
22. exd4 Qd7 23. a4 Rxe1 24. Rxe1 Re8 25. Be5 Re6 26. Re3 Qe7 27. Qc3 Bxe5 28.
dxe5 Qh4 29. Re2 Qf4 30. Qe3 Qxe3+ 31. Rxe3 Kf7 32. Kf2 Re7 33. Ke2 Ke6 34. Kd3
Rf7 35. Re2 Rf5 36. Kd4 Rf4+ 37. Kd3 Rb4 38. Kc3 Re4 39. Rxe4 dxe4 40. Kd4 e3
41. Kxe3 Kxe5 42. h4 Kd5 43. Kf4 Kxc5 44. Kf5 Kb4 45. Kg6 Kxb3 46. g4 c5 47.
Kxg7 c4 48. g5 hxg5 49. hxg5 c3 50. g6 c2 {White resigns} 0-1

[Event "Team 45 45 League T79"]
[Site "Internet Chess Club"]
[Date "2019.01.03"]
[Round "2"]
[White "harlyman"]
[Black "leandromorg"]
[Result "1-0"]
[WhiteElo "1722"]
[BlackElo "1734"]
[Opening "King's Indian: Smyslov system"]
[ECO "E61"]
[Time "16:59:36"]
[TimeControl "2700+45"]

1. d4 g6 2. c4 Bg7 3. Nc3 d6 4. Nf3 Nf6 5. Bg5 O-O 6. e3 c6 7. Be2 Qa5 8. O-O
Bg4 9. Qb3 Bxf3 10. Bxf6 Bxe2 11. Bxg7 Bxc4 12. Qxb7 Kxg7 13. Qxa8 Qc7 14. d5 c5
15. Rfd1 Ba6 16. a4 Nd7 17. Qc6 Qxc6 18. dxc6 Ne5 19. c7 Rc8 20. Nb5 Bxb5 21.
axb5 Rxc7 22. b3 Rb7 23. Ra2 Rxb5 24. Rxa7 Kf6 25. Ra3 Nc6 26. h3 Na5 27. Rd3
Ke5 28. f3 d5 29. Kf2 Kd6 30. e4 d4 31. f4 e5 32. g3 f5 33. fxe5+ Kxe5 34. exf5
Kxf5 35. Rf3+ Ke4 36. Ke2 Ke5 37. g4 Ke4 38. h4 c4 39. bxc4 Rb2+ 40. Kd1 Nxc4
41. Rab3 Rh2 42. Rh3 Ra2 43. g5 Ne3+ 44. Kc1 Rc2+ 45. Kb1 Rf2 46. Rb7 Kd3 47.
Rxh7 Kd2 48. Rg7 Nd5 49. Rd7 Nc3+ 50. Kb2 Ne2 51. h5 gxh5 52. g6 Rg2 53. g7 Ke1
54. Rh1+ Ng1+ 55. Kb3 d3 56. Rxh5 d2 57. Re7+ Ne2 58. Rh1+ Kf2 59. Kc2 Nd4+ 60.
Kxd2 Kf3+ 61. Kc3 Nf5 62. Rf1+ {Black resigns} 1-0

[Event "Team 45 45 League T79"]
[Site "Internet Chess Club"]
[Date "2019.01.06"]
[Round "2"]
[White "MarcB"]
[Black "backrankbrawler"]
[Result "1-0"]
[WhiteElo "1701"]
[BlackElo "1793"]
[Opening "Réti opening"]
[ECO "A05"]
[Time "20:31:12"]
[TimeControl "2700+45"]

1. Nf3 Nf6 2. g3 e6 3. Bg2 Be7 4. O-O O-O 5. d3 d5 6. Nbd2 c5 7. e4 Nc6 8. c3 b5
9. a4 b4 10. e5 Ne8 11. d4 c4 12. Re1 Qa5 13. h4 bxc3 14. bxc3 Qxc3 15. Rb1 Nxd4
16. Bb2 Nxf3+ 17. Bxf3 Qa5 18. Nxc4 Qb4 19. Ba3 Qxc4 20. Bxe7 Bd7 21. Rb4 Qc8
22. Qc1 Nc7 23. Bxf8 Kxf8 24. Qc5+ Ke8 25. Rc1 Na6 26. Qxc8+ Rxc8 27. Rxc8+ Bxc8
28. Rd4 Nc5 29. Bd1 a5 30. Bc2 g6 31. f3 Ba6 32. Kf2 Ke7 33. Ke3 Bc4 34. Rd1 Kd7
35. Rb1 Kc7 36. Kd4 Na6 37. Bb3 Be2 38. Rc1+ Kb7 39. Ke3 Bc4 40. Bxc4 dxc4 41.
Rxc4 Nb4 42. Ke4 Nd5 43. Rc5 Kb6 44. Rb5+ Ka6 45. Rxd5 exd5+ 46. Kxd5 Kb7 47.
Kd6 Kb6 {Black resigns} 1-0

[Event "Team 45 45 League T79"]
[Site "Internet Chess Club"]
[Date "2019.01.06"]
[Round "2"]
[White "ivanson"]
[Black "nealbruce"]
[Result "0-1"]
[WhiteElo "1706"]
[BlackElo "1712"]
[Opening "Ruy Lopez: closed, Chigorin, 12...c5d4"]
[ECO "C99"]
[Time "15:32:24"]
[TimeControl "2700+45"]

1. e4 e5 2. Nf3 Nc6 3. Bb5 a6 4. Ba4 Nf6 5. O-O b5 6. Bb3 Be7 7. Re1 d6 8. c3
O-O 9. h3 Na5 10. Bc2 c5 11. d4 Qc7 12. Nbd2 cxd4 13. cxd4 Nc6 14. d5 Nb4 15.
Bb1 a5 16. Nf1 Bd7 17. a3 Na6 18. Bd2 Nc5 19. Bc2 Rfc8 20. Rc1 Qb7 21. b4 axb4
22. axb4 Na4 23. Ne3 Nc3 24. Bxc3 Rxc3 25. Bb1 Qc7 26. Qd2 Rc8 27. Rc2 Nxe4 28.
Rxc3 Nxd2 29. Rxc7 Nxf3+ 30. gxf3 Rxc7 31. Nf5 Bf8 32. Bd3 g6 33. Ng3 Bxh3 34.
Bxb5 Rb7 35. Bc6 Rxb4 36. Ne4 Kg7 37. Kh2 Bf5 38. Kg3 Rd4 39. Re2 Be7 40. Rd2 g5
41. Rxd4 exd4 42. Bb5 h5 43. Kg2 g4 44. Bd3 Bg6 45. fxg4 hxg4 46. f3 f5 47. Nf2
gxf3+ 48. Kxf3 Bg5 49. Nh3 Bh5+ 50. Kg2 Kf6 51. Nxg5 Kxg5 52. Kf2 Kf4 {White
resigns} 0-1

[Event "Team 45 45 League T79"]
[Site "Internet Chess Club"]
[Date "2019.01.04"]
[Round "2"]
[White "PolishRyszard"]
[Black "Ajolote"]
[Result "1-0"]
[WhiteElo "1848"]
[BlackElo "1896"]
[Opening "Trompowsky attack (Ruth, Opocenský opening)"]
[ECO "A45"]
[Time "19:01:40"]
[TimeControl "2700+45"]

1. d4 Nf6 2. Bg5 e6 3. Nd2 Be7 4. e4 h6 5. Bh4 d6 6. Bd3 c5 7. c3 Nc6 8. dxc5
dxc5 9. Qe2 O-O 10. Ngf3 Nh5 11. Bg3 Nxg3 12. hxg3 Bf6 13. O-O Qc7 14. Rfe1 Rd8
15. a4 b6 16. Rad1 Bb7 17. Nc4 Ne5 18. Nfxe5 Bxe5 19. f4 Bf6 20. e5 Be7 21. Be4
Bd5 22. Qf3 Qc6 23. Bxd5 exd5 24. Ne3 Qxa4 25. Nxd5 Bf8 26. f5 Qb3 27. e6 fxe6
28. fxe6 Bd6 29. Nf6+ gxf6 30. Rxd6 Qc2 31. e7 {Black resigns} 1-0

[Event "Team 45 45 League T79"]
[Site "Internet Chess Club"]
[Date "2019.01.04"]
[Round "2"]
[White "cadmiumorange"]
[Black "bobhill"]
[Result "1/2-1/2"]
[WhiteElo "1817"]
[BlackElo "1805"]
[Opening "Sicilian"]
[ECO "B50"]
[Time "13:02:20"]
[TimeControl "2700+45"]

1. e4 c5 2. Nf3 d6 3. d3 Nc6 4. g3 Nf6 5. Bg2 g6 6. O-O Bg7 7. c3 O-O 8. Nbd2
Bg4 9. h3 Bd7 10. Re1 e5 11. Nc4 Qe7 12. a4 Be6 13. Ng5 Rad8 14. Nxe6 fxe6 15.
Bg5 h6 16. Bxf6 Qxf6 17. Qe2 d5 18. exd5 exd5 19. Ne3 Qf7 20. Rad1 d4 21. Nc4
Rfe8 22. Qe4 Qf6 23. a5 Rf8 24. Rf1 Rd7 25. a6 Nd8 26. axb7 Nxb7 27. f4 exf4 28.
Rxf4 Qe7 29. Rxf8+ Qxf8 30. Qxg6 Qf7 31. Qxf7+ Kxf7 32. Bxb7 dxc3 33. bxc3 Bxc3
34. Be4 a5 35. Rf1+ Kg7 36. Nb6 Rd4 37. Nd5 Bd2 38. Rb1 a4 39. Rb7+ Kf8 40. Nf4
Bxf4 41. gxf4 Rb4 42. Ra7 c4 43. Bc6 cxd3 44. Rxa4 Rb1+ 45. Kf2 d2 46. Bf3 d1=Q
47. Bxd1 Rxd1 48. Ra7 Rd3 49. Kg2 Kg8 50. f5 Rd5 51. f6 Rf5 52. f7+ {Game drawn
by mutual agreement} 1/2-1/2

[Event "Team 45 45 League T79"]
[Site "Internet Chess Club"]
[Date "2019.01.06"]
[Round "2"]
[White "WillC"]
[Black "ascoli"]
[Result "0-1"]
[WhiteElo "1623"]
[BlackElo "1647"]
[Opening "King's Indian: East Indian defense"]
[ECO "A48"]
[Time "09:04:24"]
[TimeControl "2700+45"]

1. d4 Nf6 2. Nf3 g6 3. b3 Bg7 4. Bb2 O-O 5. Nbd2 d6 6. g3 e5 7. e4 exd4 8. Bxd4
Re8 9. Bd3 d5 10. e5 Ng4 11. O-O Nxe5 12. Nxe5 Bxe5 13. Bxe5 Rxe5 14. Qf3 Qe8
15. c4 Bh3 16. Rfc1 Qd7 17. Qf4 Re7 18. Nf3 dxc4 19. Bxc4 Nc6 20. Bb5 Rae8 21.
Ng5 Bg2 22. f3 Bh3 23. Qh4 h5 24. Nxh3 Qd2 25. Rf1 Qe3+ 26. Nf2 Nd4 27. Qxd4
Qxd4 28. Bxe8 Rxe8 29. Rfd1 Qb2 30. Rdb1 Qe2 31. Kg2 Re3 32. f4 Qf3+ 33. Kg1 h4
34. Rf1 hxg3 35. hxg3 Qxg3+ 36. Kh1 Qh4+ {White resigns} 0-1

[Event "Team 45 45 League T79"]
[Site "Internet Chess Club"]
[Date "2019.01.02"]
[Round "2"]
[White "liujf"]
[Black "SirIvanhoe"]
[Result "1-0"]
[WhiteElo "1593"]
[BlackElo "1518"]
[Opening "Caro-Kann: Panov-Botvinnik attack"]
[ECO "B13"]
[Time "19:02:45"]
[TimeControl "2700+45"]

1. e4 c6 2. d4 d5 3. exd5 cxd5 4. c4 Nf6 5. Nc3 Nc6 6. Nf3 e6 7. c5 Be7 8. Bf4
O-O 9. Bd3 Nh5 10. Be3 b6 11. Ne5 Nxe5 12. dxe5 g6 13. Bh6 Re8 14. Bb5 Bf8 15.
Bxe8 Bxh6 16. Bb5 bxc5 17. O-O c4 18. Bxc4 Qc7 19. Be2 Qxe5 20. Re1 Qg5 21. Bg4
Nf6 22. Bf3 Rb8 23. Qc2 Bd7 24. Rad1 Qf4 25. b3 Rc8 26. Qb2 Bg7 27. Ne2 Qb4 28.
Rc1 Ne8 29. Qb1 Bh6 30. Rxc8 Bxc8 31. Ng3 Qd2 32. Re2 Qb4 33. Bxd5 Bb7 34. Bxb7
Qxb7 35. Ne4 Qc7 36. Rc2 Qb7 37. Qe1 Bg7 38. Rc4 Qd7 39. Qd2 Qxd2 40. Nxd2 Kf8
41. f3 Bh6 42. Ne4 Be3+ 43. Kf1 Ke7 44. Ke2 Bg1 45. h3 f5 46. Nf2 Nd6 47. Rc7+
Kf8 48. Rxh7 Nf7 49. Rh4 Bh2 50. Rb4 Bd6 51. Nd3 Bxb4 52. Nxb4 Nd8 53. Ke3 Ke7
54. Kd4 Kd6 55. f4 a5 56. Nd3 Nc6+ 57. Kc4 e5 58. fxe5+ Nxe5+ 59. Nxe5 Kxe5 60.
b4 axb4 61. Kxb4 Kd6 62. Kc4 g5 63. Kd4 g4 64. hxg4 {Black resigns} 1-0

[Event "Team 45 45 League T79"]
[Site "Internet Chess Club"]
[Date "2019.01.02"]
[Round "2"]
[White "chuckh2"]
[Black "dalmata"]
[Result "1/2-1/2"]
[WhiteElo "1378"]
[BlackElo "1467"]
[Opening "Queen's pawn"]
[ECO "A40"]
[Time "13:00:47"]
[TimeControl "2700+45"]

1. d4 e6 2. Bf4 d5 3. e3 c5 4. c3 Nc6 5. Nd2 Nf6 6. Ngf3 cxd4 7. exd4 Bd6 8. Bg3
h6 9. Bd3 Bxg3 10. hxg3 Qb6 11. Rb1 Qc7 12. O-O O-O 13. Re1 Re8 14. Ne5 Nxe5 15.
dxe5 Nd7 16. Nf3 Nc5 17. Bc2 Bd7 18. Nd4 Rac8 19. Qe2 Bc6 20. Qh5 Qe7 21. Nf3
Ba4 22. Bxa4 Nxa4 23. Qg4 Nc5 24. Rbd1 Ne4 25. Nd4 Qg5 26. Qf4 Qg6 27. Kh2 {Game
drawn by mutual agreement} 1/2-1/2

[Event "Team 45 45 League T79"]
[Site "Internet Chess Club"]
[Date "2019.01.04"]
[Round "2"]
[White "Visin"]
[Black "BrerRabbit"]
[Result "0-1"]
[WhiteElo "1227"]
[BlackElo "1336"]
[Opening "Pirc defense"]
[ECO "B07"]
[Time "10:31:25"]
[TimeControl "2700+45"]

1. e4 d6 2. d4 Nf6 3. Nc3 e5 4. dxe5 dxe5 5. Qxd8+ Kxd8 6. Bg5 c6 7. O-O-O+ Nd7
8. Bc4 Ke8 9. Nf3 b5 10. Be2 b4 11. Nb1 Nxe4 12. Rhf1 Nxg5 13. Nxg5 Be7 14. Ne4
Nf6 15. Bf3 Nxe4 16. Bxe4 Bb7 17. g3 Rd8 18. h4 f6 19. Rd2 Kf7 20. Rfd1 Rxd2 21.
Rxd2 Rd8 22. c3 Rxd2 23. Kxd2 h6 24. cxb4 Bxb4+ 25. Nc3 Ke7 26. a3 Bc5 27. Ke2
Bd4 28. f4 Kd6 29. Kf3 Bc8 30. f5 Bd7 31. Kg4 Be8 32. h5 Bxc3 33. bxc3 Bf7 34.
Kf3 Bd5 35. g4 Kc5 36. g5 Kc4 {White resigns} 0-1

[Event "Team 45 45 League T79"]
[Site "Internet Chess Club"]
[Date "2019.01.05"]
[Round "2"]
[White "stantheman59"]
[Black "Pawnchain"]
[Result "0-1"]
[WhiteElo "1207"]
[BlackElo "1434"]
[Opening "Queen's bishop game"]
[ECO "D02"]
[Time "16:00:30"]
[TimeControl "2700+45"]

1. d4 d5 2. Nf3 Nf6 3. Bf4 c5 4. c3 Nc6 5. e3 Qb6 6. Qc2 c4 7. Be2 Ne4 8. Nbd2
Bf5 9. Ne5 Nxe5 10. Bxe5 Ng3 11. Qa4+ Bd7 12. Qxd7+ Kxd7 13. Bxg3 e6 14. O-O Bd6
15. Bh4 Rab8 16. Rfb1 Qc7 17. Nf3 h6 18. b3 cxb3 19. Bb5+ Kc8 20. Rxb3 a6 21.
Bd3 f6 22. Bg6 b5 23. Rab1 Kd7 24. a3 Qa5 25. Ra1 Rhc8 26. Bg3 Bxg3 27. hxg3
Rxc3 28. Nd2 b4 29. Rab1 Rxb3 30. Nxb3 Qxa3 31. Nc5+ Kd6 32. Nd3 a5 33. Nc5 a4
34. Na6 Rb6 35. Nc5 b3 36. Nd3 b2 {White resigns} 0-1

[Event "Team 45 45 League T79"]
[Site "Internet Chess Club"]
[Date "2019.01.04"]
[Round "2"]
[White "fireball"]
[Black "leoshi"]
[Result "1-0"]
[WhiteElo "1617"]
[BlackElo "1612"]
[Opening "Scotch gambit"]
[ECO "C44"]
[Time "21:02:42"]
[TimeControl "2700+45"]

1. e4 e5 2. d4 exd4 3. Nf3 Nc6 4. Bc4 d6 5. Nxd4 Nf6 6. Nc3 Be7 7. Nxc6 bxc6 8.
O-O O-O 9. Qe2 Bb7 10. Rd1 Qc8 11. e5 dxe5 12. Qxe5 Bd6 13. Qg5 h6 14. Qh4 Qg4
15. Qxg4 Nxg4 16. h3 Nf6 17. Be3 Rfe8 18. Re1 a6 19. Bd4 Rad8 20. Bxf6 gxf6 21.
Ne4 Kg7 22. Rad1 f5 23. Nxd6 Rxd6 24. Rxe8 Rxd1+ 25. Kh2 c5 26. Re7 Bd5 27. Bxd5
Rxd5 28. Rxc7 Re5 29. Kg3 a5 30. Kf3 Rd5 31. Ra7 Rd2 32. Rxa5 Rxc2 33. b3 Rc3+
34. Kf4 Kg6 35. Rb5 Rc2 36. a4 Rxf2+ 37. Kg3 Rb2 38. a5 Ra2 39. Rxc5 Ra3 40. Rb5
Kf6 41. Rb6+ Ke5 42. a6 Kd5 43. Kf4 Kc5 44. Rxh6 Rxb3 45. Kxf5 Kb5 46. g4 Kc5
47. Kf6 Rf3+ 48. Ke7 Re3+ 49. Kxf7 Rf3+ 50. Ke7 Re3+ 51. Kd7 Rd3+ 52. Kc7 Rb3
53. Rh5+ Kd4 54. a7 Ra3 55. Kb6 Rxa7 56. Kxa7 Ke4 57. Rg5 Kf4 58. Rg8 Ke5 59. h4
Kf6 60. h5 Kf7 61. Rg6 Kf8 62. g5 Kf7 63. Rb6 Kg7 64. h6+ Kh7 65. Rb7+ Kg6 66.
h7 Kxg5 67. h8=Q Kf5 68. Qh6 Ke5 69. Rb5+ Kd4 70. Qh4+ Kc3 71. Qa4 Kd3 72. Rb3+
Kc2 73. Qa2+ Kc1 74. Rb1# {Black checkmated} 1-0

[Event "Team 45 45 League T79"]
[Site "Internet Chess Club"]
[Date "2019.01.07"]
[Round "2"]
[White "Newbao"]
[Black "bennywins"]
[Result "0-1"]
[WhiteElo "1406"]
[BlackElo "1715"]
[Opening "Ruy Lopez: Berlin defense, 4.O-O, d6"]
[ECO "C66"]
[Time "22:10:56"]
[TimeControl "2700+45"]

1. e4 e5 2. Nf3 Nc6 3. Bb5 Nf6 4. O-O d6 5. Re1 Bd7 6. c3 a6 7. Ba4 h6 8. d4 b5
9. Bb3 g5 10. h3 Rg8 11. Nh2 g4 12. hxg4 Nxg4 13. Nxg4 Bxg4 14. Qd3 Qf6 15. d5
Ne7 16. Nd2 Ng6 17. Re3 Nf4 18. Qf1 Nh3+ 19. Kh2 Nxf2 20. Kg1 Nh3+ 21. Kh2 Nf2
22. Kg1 Nh3+ 23. Kh2 Nf4 24. g3 Qg6 25. gxf4 Qh5+ 26. Rh3 Bxh3 27. Qxh3 Qe2+ 28.
Kh1 Qe1+ 29. Nf1 Qf2 30. Qg3 Qxf1+ 31. Kh2 Rxg3 32. Kxg3 Be7 33. Be3 Qxa1 34.
Kf3 O-O-O 35. Ke2 Rg8 36. Kd3 Qxb2 37. fxe5 dxe5 38. Bd1 Rg3 39. c4 Bc5 40. cxb5
axb5 41. Bc2 Rxe3+ 42. Kd2 Qc3+ 43. Kd1 Re1# {White checkmated} 0-1

[Event "Team 45 45 League T79"]
[Site "Internet Chess Club"]
[Date "2019.01.03"]
[Round "2"]
[White "nidusin2"]
[Black "creativechesski"]
[Result "0-1"]
[WhiteElo "1448"]
[BlackElo "1584"]
[Opening "Grünfeld with Bf4 & e3"]
[ECO "D93"]
[Time "20:02:03"]
[TimeControl "2700+45"]

1. d4 Nf6 2. Bf4 g6 3. e3 Bg7 4. c4 O-O 5. Nf3 d5 6. Nc3 c5 7. Be2 cxd4 8. exd4
Nc6 9. O-O Bg4 10. Rc1 e6 11. h3 Bxf3 12. Bxf3 dxc4 13. Bxc6 bxc6 14. Ne2 Qd5
15. Qa4 Qb5 16. Qxc4 Qxb2 17. Rb1 Qa3 18. Nc3 Nd5 19. Rb3 Qe7 20. Bg3 Rac8 21.
Ne4 Rfd8 22. Rfb1 Nb6 23. Qa6 Bxd4 24. a4 f5 25. a5 fxe4 26. axb6 axb6 27. Qe2
e3 28. fxe3 Bc5 29. Qg4 Qd7 30. Bh4 Re8 31. Rd1 Qa7 32. Rbd3 b5 33. Bg5 Rc7 34.
h4 h5 35. Qg3 Kh7 36. Bf4 Rf7 37. Qg5 Bf8 38. Kh1 Qe7 39. Qg3 e5 40. Bg5 Qe6 41.
e4 Be7 42. Bxe7 Qxe7 43. Rd6 Rg8 44. Rxc6 Rf4 45. Qh3 Rxh4 {White resigns} 0-1

[Event "Team 45 45 League T79"]
[Site "Internet Chess Club"]
[Date "2019.01.03"]
[Round "2"]
[White "jadencheung"]
[Black "rhayder"]
[Result "1-0"]
[WhiteElo "1424"]
[BlackElo "1186"]
[Opening "Ruy Lopez: closed, 9.d4"]
[ECO "C91"]
[Time "14:06:41"]
[TimeControl "2700+45"]

1. e4 e5 2. Nf3 Nc6 3. Bb5 a6 4. Ba4 Nf6 5. O-O Be7 6. Re1 b5 7. Bb3 O-O 8. c3
d6 9. d4 Bb7 10. Bg5 Nd7 11. Bxe7 Qxe7 12. d5 Na5 13. Bc2 Nc4 14. b3 Ncb6 15.
Nbd2 c5 16. Nf1 c4 17. b4 a5 18. a3 a4 19. Ng3 Nf6 20. Nf5 Qc7 21. Rc1 Bc8 22.
Ng3 Bg4 23. h3 Bh5 24. Nxh5 Nxh5 25. Nxe5 dxe5 26. Qxh5 Nd7 27. Rcd1 Nf6 28. Qg5
Qd6 29. Re3 Rad8 30. Rg3 g6 31. h4 h5 32. Rd2 Nh7 33. Qh6 Nf6 34. Qg5 Nh7 35.
Qe3 Nf6 36. Bd1 Kg7 37. Bf3 Rg8 38. Qg5 Kf8 39. Qe3 Ke7 40. Qa7+ Rd7 41. Qe3
Rdd8 42. Bd1 Rh8 43. Bc2 Rhg8 44. Rd1 Rh8 45. Qc1 Ra8 46. Kf1 Ng4 47. f3 Nf6 48.
Qg5 Kf8 49. Ke2 Kg7 50. Rf1 {Black resigns} 1-0

[Event "Team 45 45 League T79"]
[Site "Internet Chess Club"]
[Date "2019.01.05"]
[Round "2"]
[White "kabindra"]
[Black "cadmiumorange"]
[Result "0-1"]
[WhiteElo "1668"]
[BlackElo "1827"]
[Opening "Robatsch defense: two knights variation"]
[ECO "B06"]
[Time "06:30:28"]
[TimeControl "2700+45"]

1. e4 g6 2. d4 Bg7 3. Nc3 d6 4. Nf3 a6 5. h3 b5 6. a3 Bb7 7. Be3 Nd7 8. Qd2 c5
9. Bd3 c4 10. Be2 Ngf6 11. Bh6 O-O 12. h4 Nxe4 13. Nxe4 Bxe4 14. h5 Nf6 15. hxg6
Bxg6 16. Bxg7 Kxg7 17. Qh6+ Kg8 18. O-O-O Qa5 19. c3 b4 20. cxb4 Qf5 21. Kd2 c3+
22. bxc3 Qc2+ 23. Ke1 Qxc3+ 24. Kf1 Qxa3 25. Ng5 Rac8 26. Nh3 Rc2 27. Re1 Rxe2
28. Rxe2 Qa1+ 29. Re1 Bd3+ 30. Kg1 Qxe1+ 31. Kh2 {White resigns} 0-1

[Event "Team 45 45 League T79"]
[Site "Internet Chess Club"]
[Date "2019.01.02"]
[Round "2"]
[White "QuieroAprender"]
[Black "misuc56"]
[Result "1-0"]
[WhiteElo "1650"]
[BlackElo "1600"]
[Opening "Benko's opening"]
[ECO "A00"]
[Time "17:04:32"]
[TimeControl "2700+45"]

1. g3 c5 2. Bg2 Nc6 3. Nf3 g6 4. O-O d6 5. d4 cxd4 6. Nxd4 Bd7 7. b3 Bg7 8. Bb2
Nf6 9. c4 O-O 10. e3 a6 11. Nxc6 bxc6 12. Nc3 Rb8 13. Qd2 Qc8 14. Ne4 Nxe4 15.
Bxe4 Bxb2 16. Qxb2 Be6 17. Qc3 d5 18. cxd5 cxd5 19. Qxc8 Rfxc8 20. Bd3 a5 21.
Rfc1 Bd7 22. Ba6 Rc6 23. Rxc6 Bxc6 24. Rc1 Rb6 25. Bf1 a4 26. b4 Kg7 27. a3 e5
28. Rc5 d4 29. Rxe5 dxe3 30. Rxe3 h5 31. Rc3 Bd5 32. Rc5 Be6 33. Bc4 Bh3 34. Bf1
Be6 35. Bg2 Rd6 36. Rc1 Rd3 37. Ra1 Rb3 38. Bc6 Rb2 39. Bxa4 Kf6 40. Bc6 Ke7 41.
b5 Bc4 42. a4 Kd6 43. Kg2 Rb4 44. h4 Rb3 45. Be8 Ke7 46. Re1+ Kf6 47. Ra1 Rb4
48. Kf3 Ke7 49. Bc6 Kd6 50. a5 Bxb5 51. Bxb5 Rxb5 52. a6 Rb8 53. a7 Ra8 54. Ra6+
Ke7 55. Ke4 f6 56. Kd5 g5 57. Kc6 gxh4 58. gxh4 Rd8 59. a8=Q Rxa8 60. Rxa8 Ke6
61. Rh8 {Black resigns} 1-0